 Dungeon Crawl Stone Soup version 0.31.0-12-g77e489cdc1 (webtiles) character file.

Game seed: 7544870907894839787

5065 Scrap the Fighter (level 10, -13/85 HPs)
             Began as a Demonspawn Brigand on Mar 1, 2024.
             Was an Elder of Okawaru.
             Mangled by a troll (14 damage)
             ... on level 8 of the Dungeon.
             The game lasted 00:08:16 (7231 turns).

Scrap the Fighter (Demonspawn Brigand)              Turns: 7231, Time: 00:08:17

Health: -13/85     AC: 15    Str: 12    XL:     10   Next: 31%
Magic:  0/15       EV: 14    Int: 13    God:    Okawaru [****..]
Gold:   404        SH:  0    Dex: 17    Spells: 13/13 levels left

rFire   . . .        n - +7 Throatcutter {drain, coup de grace}
rCold   . . .        (no shield)
rNeg    . . .        q - +0 scale mail
rPois   .            (helmet unavailable)
rElec   .            c - +0 cloak
rCorr   .            y - +0 pair of gloves
SInv    .            (no boots)
Will    +....        (no amulet)
Stlth   +            W - ring of willpower
HPRegen 0.34/turn    E - +5 ring of evasion
MPRegen 0.28/turn

%: guardian spirit
@: sanguine armoured
A: horns 3, spiny 2, magic shield, magic regeneration, sanguine armour 1,
corrupting presence 1
a: Renounce Religion, Heroism, Finesse


You were on level 8 of the Dungeon.
You worshipped Okawaru.
Okawaru was greatly pleased with you.
You visited 2 branches of the dungeon, and saw 9 of its levels.

You collected 404 gold pieces.


Innate Abilities, Weirdness & Mutations

You have a pair of large horns on your head.
You are mostly covered in sharp spines.
When hurt, damage is shared between your health and your magic reserves.
You regenerate magic rapidly.
When seriously injured, your blood forms armour. (AC +6)
Your presence sometimes corrodes those you injure.


   Skills:
 - Level 10.0 Fighting
 - Level 1.8(5.2) Short Blades
 - Level 7.8(8.0) Long Blades
 - Level 1.7 Throwing
 + Level 4.8 Armour
 - Level 0.8 Dodging
 - Level 3.6 Stealth
 - Level 2.0 Spellcasting
 - Level 7.0 Invocations


You had 13 spell levels left.
You didn't know any spells.
Your spell library contained the following spells:

 Spells                   Type           Power      Damage    Failure   Level
 Kiss of Death            Conj/Necr      4%         2d5       75%         1
 Jinxbite                 Hex            2%         N/A       87%         2
 Confusing Touch          Hex            1%         N/A       98%         3
 Frozen Ramparts          Ice            2%         1d1       98%         3
 Dimensional Bullseye     Hex/Tloc       0%         N/A       100%        4
 Dispel Undead            Necr           1%         3d6       100%        4
 Iskenderun's Mystic Bla  Conj/Tloc      1%         2d3       100%        4
 Leda's Liquefaction      Alch/Erth      0%         N/A       100%        4
 Passage of Golubria      Tloc           1%         N/A       100%        4
 Petrify                  Alch/Erth      1%         N/A       100%        4
 Metabolic Englaciation   Hex/Ice        0%         N/A       100%        5
 Yara's Violent Unravell  Hex/Alch       0%         3d3       100%        5
 Enfeeble                 Hex            0%         N/A       100%        7
 Tukima's Dance           Hex            Unusable   N/A       N/A         3

Inventory:

Hand Weapons
 a - a +2 dagger
 n - the +7 Throatcutter (weapon) {drain, coup de grace}
   (You found it on level 2 of the Dungeon)
 I - a +4 scimitar
Missiles
 d - 25 poisoned darts (quivered)
 e - 3 curare-tipped darts {=f}
 J - 6 throwing nets {=f}
Armour
 b - a +0 robe
 c - a +0 cloak (worn)
 q - a +0 scale mail (worn)
 y - a +0 pair of gloves (worn)
Jewellery
 z - a ring of wizardry
 E - a +5 ring of evasion (right hand)
 F - a ring of fire
 L - a ring of flight
 W - a ring of willpower (left hand)
 Z - a ring of wizardry
Wands
 w - a wand of polymorph (6)
 D - a wand of quicksilver (4)
Scrolls
 f - 2 scrolls of revelation {unknown}
 g - 3 scrolls of fog {unknown}
 j - 3 scrolls of enchant armour {unknown}
 k - 6 scrolls of teleportation {unknown}
 m - 4 scrolls of identify {unknown}
 s - 3 scrolls of blinking {unknown}
 t - 3 scrolls of poison {unknown}
 v - a scroll of torment {unknown}
 B - 2 scrolls of noise {unknown}
 G - 2 scrolls of enchant weapon {unknown}
 H - 2 scrolls of fear {unknown}
Potions
 h - a potion of enlightenment {unknown}
 i - 3 potions of brilliance {unknown}
 l - a potion of degeneration {unknown}
 o - 3 potions of cancellation {unknown}
 p - a potion of mutation {unknown}
 r - 2 potions of magic {unknown}
 u - a potion of lignification {unknown}
 x - a potion of heal wounds {unknown}
 A - a potion of attraction {unknown}
 C - a potion of invisibility {unknown}

Dungeon Overview and Level Annotations

Branches:
Dungeon (8/15)             Temple (1/1) D:5
   Lair: D:8-11

Altars:
Cheibriados
Dithmenos
Fedhas
Gozag
Hepliaklqana
Makhleb
Nemelex Xobeh
Okawaru
Qazlal
Ru
Sif Muna
Uskayaw
Vehumet
Wu Jian
Xom
Yredelemnul

▒..▒▒▒.. .. ▒.....▒ #..$..
▒▒▒'▒▒▒ #.... ▒.....▒
##.#.. ▒.▒▒▒▒▒. #.?..▒
▒▒▒▒ ▒. ▒▒ #....▒ ▒▒▒..▒▒▒
▒. ▒ #....▒▒▒)..{..▒ ▒
#....'.†).@▒
#....▒.▒▒..T...▒
#....▒..▒▒▒..▒▒▒.
##.#.▒▒...▒▒▒▒..▒▒▒
#.#..▒▒.......▒▒.▒▒ .
#.##.)▒▒.....▒▒...▒▒ .▒
#......▒▒▒'▒▒▒.....▒▒▒+▒▒▒
####...........#..........
##.......#####......###


You could see a troll.


Message History

A centaur warrior comes into view. It is wielding a +1 heavy morningstar.
Something hits you but does no damage. Something bites you.
* * * LOW HITPOINT WARNING * * *
Something draws strength from your injuries!
Unknown command.
You barely miss something.
The centaur warrior unwields a +1 heavy morningstar.
The centaur warrior wields a +0 orcbow.
The centaur warrior shoots an arrow.
The arrow completely misses you. Something hits you.
* * * LOW HITPOINT WARNING * * *
Something bites you but does no damage.
You barely miss something.
The centaur warrior shoots an arrow.
The arrow hits you.
* * * LOW HITPOINT WARNING * * *
Something hits you but does no damage. Something bites you but does no damage.
Unknown command.
You hit something.
The centaur warrior shoots an arrow.
The arrow hits you!
* * * LOW HITPOINT WARNING * * *
The centaur warrior shoots an arrow.
The arrow hits you!
* * * LOW HITPOINT WARNING * * *
You hear some strange, mumbled words.
Something tries to affect you, but you resist.
Unknown command.
You closely miss something. Something hits you.
* * * LOW HITPOINT WARNING * * *
Something bites you.
* * * LOW HITPOINT WARNING * * *
Something draws strength from your injuries!
The troll is struck by your spines. The troll bites you!
You die...

Skill      XL: |  1  2  3  4  5  6  7  8  9 10 |
---------------+-------------------------------+-----
Fighting       | 3 4 5 10 | 10.0
Spellcasting   | 1 2 |  2.0
Long Blades    | 1 3 5 6 7 |  7.8
Invocations    | 4 7 |  7.0
Armour         | 1 4 |  4.8
Short Blades   | |  1.8
Throwing       | |  1.7
Dodging        | |  0.8
Stealth        | |  3.6

Action                     |  1- 3 |  4- 6 |  7- 9 | 10-12 || total
---------------------------+-------+-------+-------+-------++-------
  Melee: Dagger            |   109 |    35 |       |       ||   144
         Punch             |     1 |       |       |       ||     1
         Long sword        |       |    61 |   123 |    26 ||   210
         Headbutt          |       |     9 |    22 |     4 ||    35
 Invoke: Heroism           |       |       |     1 |       ||     1
   Stab: Sleeping          |     7 |     2 |     1 |     1 ||    11
         Distracted        |     1 |       |       |       ||     1
 Armour: Robe              |    45 |    30 |       |       ||    75
         Scale mail        |       |    24 |    83 |    38 ||   145
  Dodge: Dodged            |    67 |    63 |    90 |    17 ||   237

Levels and vault maps discovered:
D:1:      dpeg_arrival_yet_another_circle, layout_basic, kennysheep_minor_cross,
          chequers_serial_rivers_marsh
D:2:      kennysheep_six_static_rooms, layout_basic, kennysheep_jessica_study
D:3:      layout_loops_corners
D:4:      nicolae_BIG_FREAKIN_CUBE, layout_basic, lemuel_round_altar, uniq_ijyb
D:5:      layout_basic, kennysheep_mini_moat, minmay_temple_entry_waves,
          grunt_ministairs_1
D:6:      layout_loops_ring, grunt_temple_overflow_forces_of_nature,
          lemuel_zombie_altar_yredelemnul, roderic_lattice_a,
          lexackson_kobold_supper, uniq_menkaure
D:7:      minmay_skewed_foursquare, layout_cave_pods,
          mainiacjoe_overflow_alcove_1, minivault_11, uniq_joseph
D:8:      minmay_the_grid_octo_2x2 [minmay_the_grid_octo_odd_swirl,
          minmay_the_grid_octo_empty, minmay_the_grid_octo_77,
          minmay_the_grid_octo_prize_big_c], layout_rooms, trog_hazing_becter,
          nzn_wu_jian_contemplation, nicolae_overflow_squiral,
          nicolae_figureground_sparkle
Temple:   hellmonk_temple_of_storms

Notes
Turn   | Place    | Note
-------+----------+-------------------------------------------
     0 | D:1      | Scrap the Demonspawn Brigand began the quest for the Orb.
     0 | D:1      | Reached XP level 1. HP: 16/16 MP: 1/1
   327 | D:1      | Gained mutation: You regenerate magic rapidly. [demonic
                  | ancestry]
   327 | D:1      | Reached XP level 2. HP: 23/23 MP: 2/2
   475 | D:1      | Reached skill level 3 in Fighting
   880 | D:1      | Gained mutation: When seriously injured, your blood forms
                  | armour. (AC +6) [demonic ancestry]
   880 | D:1      | Reached XP level 3. HP: 24/29 MP: 3/3
  1616 | D:2      | Noticed Jessica
  1629 | D:2      | Killed Jessica
  1630 | D:2      | Reached skill level 4 in Fighting
  1630 | D:2      | Reached skill level 1 in Spellcasting
  1630 | D:2      | Gained mutation: You have a pair of small horns on your
                  | head. [demonic ancestry]
  1630 | D:2      | Reached XP level 4. HP: 23/37 MP: 4/6
  1839 | D:2      | Found the +7 Throatcutter {drain, coup de grace}
  1882 | D:2      | Reached skill level 2 in Spellcasting
  2260 | D:3      | Reached skill level 1 in Long Blades
  2653 | D:3      | Gained mutation: You are partially covered in sharp spines.
                  | [demonic ancestry]
  2653 | D:3      | Reached XP level 5. HP: 42/42 MP: 8/8
  2790 | D:3      | Reached skill level 2 in Long Blades
  3130 | D:4      | Reached skill level 3 in Long Blades
  3187 | D:4      | Found a shimmering altar of Xom.
  3257 | D:4      | Noticed Ijyb
  3264 | D:4      | Killed Ijyb
  3268 | D:4      | Gained mutation: You are mostly covered in sharp spines.
                  | [demonic ancestry]
  3268 | D:4      | Reached XP level 6. HP: 48/48 MP: 9/9
  3289 | D:4      | Reached skill level 4 in Long Blades
  3366 | D:4      | Reached skill level 5 in Long Blades
  3753 | D:5      | Entered Level 5 of the Dungeon
  3759 | D:5      | Gained mutation: When hurt, damage is shared between your
                  | health and your magic reserves. [demonic ancestry]
  3759 | D:5      | Reached XP level 7. HP: 54/54 MP: 10/10
  3838 | D:5      | Found a staircase to the Ecumenical Temple.
  3848 | Temple   | Entered the Ecumenical Temple
  3863 | Temple   | Became a worshipper of Warmaster Okawaru
  3959 | D:5      | Reached skill level 1 in Invocations
  3976 | D:5      | Reached skill level 2 in Invocations
  4017 | D:5      | Reached skill level 6 in Long Blades
  4017 | D:5      | Reached skill level 3 in Invocations
  4114 | D:5      | Reached * piety under Okawaru
  4115 | D:5      | Reached skill level 4 in Invocations
  4176 | D:5      | Gained mutation: You have a pair of horns on your head.
                  | [demonic ancestry]
  4176 | D:5      | Reached XP level 8. HP: 60/60 MP: 11/11
  4271 | D:5      | Found a sparkling altar of Nemelex Xobeh.
  4808 | D:6      | Reached skill level 5 in Invocations
  4928 | D:6      | Found a stormy altar of Qazlal.
  4936 | D:6      | Found a blossoming altar of Fedhas.
  4951 | D:6      | Reached skill level 7 in Long Blades
  4995 | D:6      | Reached skill level 6 in Invocations
  5001 | D:6      | Found a basalt altar of Yredelemnul.
  5316 | D:6      | Reached ** piety under Okawaru
  5352 | D:6      | Noticed Menkaure
  5357 | D:6      | Killed Menkaure
  5358 | D:6      | Reached skill level 7 in Invocations
  5421 | D:6      | Identified the +1 flail of Acsuek {distort, rN+}
  5695 | D:7      | Reached skill level 5 in Fighting
  5700 | D:7      | Gained mutation: You have a pair of large horns on your
                  | head. [demonic ancestry]
  5700 | D:7      | Reached XP level 9. HP: 63/68 MP: 11/14
  5852 | D:7      | Reached skill level 6 in Fighting
  5967 | D:7      | Reached *** piety under Okawaru
  5972 | D:7      | Reached skill level 7 in Fighting
  6468 | D:7      | Found a burning altar of Makhleb.
  6476 | D:7      | Noticed Joseph
  6488 | D:7      | Killed Joseph
  6489 | D:7      | Reached skill level 8 in Fighting
  6618 | D:8      | Reached skill level 9 in Fighting
  6699 | D:8      | Found a hazy altar of Hepliaklqana.
  6706 | D:8      | Reached **** piety under Okawaru
  6745 | D:8      | Found a snail-covered altar of Cheibriados.
  6829 | D:8      | Identified the +10 quarterstaff of Kaerphyn {flame, Dex+4}
  6875 | D:8      | Found an ornate altar of the Wu Jian Council.
  6964 | D:8      | Noticed a manticore
  6970 | D:8      | Killed a manticore
  6971 | D:8      | Reached skill level 10 in Fighting
  6971 | D:8      | Reached skill level 1 in Armour
  6971 | D:8      | Gained mutation: Your presence sometimes corrodes those you
                  | injure. [demonic ancestry]
  6971 | D:8      | Reached XP level 10. HP: 70/85 MP: 12/15
  7026 | D:8      | Noticed a tengu warrior
  7034 | D:8      | Killed a tengu warrior
  7035 | D:8      | Reached skill level 3 in Armour
  7180 | D:8      | Reached skill level 4 in Armour
  7227 | D:8      | Noticed a centaur warrior
  7230 | D:8      | HP: 6/85 [centaur warrior/arrow (12)]
  7231 | D:8      | HP: 1/85 [something (2)]
  7231 | D:8      | Mangled by a troll

Vanquished Creatures
  A tengu warrior (D:8)
  A manticore (D:8)
  Joseph (D:7)
  A wyvern (D:8)
  A steam dragon (D:8)
  Menkaure (D:6)
  2 water moccasins (D:7)
  An orc warrior (D:8)
  6 black bears
  2 ogres
  3 centaurs
  2 kobold brigands
  A phantom (D:7)
  2 bullfrogs
  7 scorpions
  4 wights (D:8)
  5 killer bees (D:7)
  An electric eel (D:8)
  3 howler monkeys
  A centaur zombie (D:6)
  2 bombardier beetles
  A bullfrog zombie (D:6)
  4 jellies
  3 hounds
  Jessica (D:2)
  3 iguanas
  3 sleepcaps
  Ijyb (D:4)
  An orc wizard (D:7)
  5 gnolls
  6 adders
  3 shadow imps
  3 white imps
  2 ufetubi (D:6)
  2 ribbon worms
  2 dart slugs
  19 orcs
  9 ball pythons
  6 endoplasms
  2 giant cockroaches (D:1)
  9 goblins
  6 hobgoblins
  6 jackals
  9 kobolds
  8 quokkas
  4 bats
  3 frilled lizards
  7 rats
176 creatures vanquished.

Table legend: (Time is in decaauts)
 A = Elapsed time spent in this place.
 B = Non-inter-level travel time spent in this place.
 C = Inter-level travel time spent in this place.
 D = Time resting spent in this place.
 E = Time spent auto-exploring this place.
 F = Levels seen in this place.
 G = Mean time per level.
                   A        B        C        D        E       F      G
               +--------+--------+--------+--------+--------+-----+--------+
         Total |   7242 |   7007 |    235 |     40 |   5907 |   9 |  804.7 |
       Dungeon |   7211 |   7006 |    205 |     40 |   5907 |   8 |  901.4 |
        Temple |     30 |      1 |     29 |      0 |      0 |   1 |   30.0 |
               +--------+--------+--------+--------+--------+-----+--------+

Top non-repeatable levels by time:
     D:1: 1316 daAuts
     D:6: 1206 daAuts
     D:7: 1004 daAuts
     D:2: 896 daAuts
     D:3: 802 daAuts
     D:4: 743 daAuts
     D:8: 624 daAuts
     D:5: 616 daAuts
  Temple: 30 daAuts

Table legend:
 A = Non-vault XP
 B = Vault XP
 C = Vault XP percentage of total XP
 D = Non-vault monster count
 E = Vault monster count
 F = Vault count percentage of total count
                 A         B        C        D         E       F
            +---------+---------+-------+---------+---------+-------
      Total |    4090 |    3146 |  43.5 |     140 |      36 |  20.5
            +---------+---------+-------+---------+---------+-------
        D:1 |      41 |       0 |   0.0 |      22 |       0 |   0.0
        D:2 |      60 |      48 |  44.4 |      19 |       8 |  29.6
        D:3 |     110 |       0 |   0.0 |      15 |       0 |   0.0
        D:4 |     409 |      36 |   8.1 |      19 |       1 |   5.0
        D:5 |     678 |      86 |  11.3 |      12 |       2 |  14.3
        D:6 |     459 |     367 |  44.4 |      21 |      10 |  32.3
        D:7 |    1299 |     785 |  37.7 |      20 |       9 |  31.0
        D:8 |    1034 |    1824 |  63.8 |      12 |       6 |  33.3
            +---------+---------+-------+---------+---------+-------
